 Dungeon Crawl Stone Soup version 0.31.0-11-ge490571c62 (webtiles) character file.

Game seed: 1147623369962625422

317 qw the Shooter (level 6, -1/32 HPs)
             Began as a Spriggan Hunter on Feb 3, 2024.
             Succumbed to a scorpion's poison
             ... on level 4 of the Dungeon.
             The game lasted 00:00:08 (2511 turns).

qw the Shooter (Spriggan Hunter)                    Turns: 2511, Time: 00:00:08

Health: -1/32      AC:  3    Str: 13    XL:     6   Next: 20%
Magic:  7/7        EV: 20    Int: 14    God:
Gold:   194        SH:  0    Dex: 21    Spells: 5/5 levels left

rFire   . . .        a - +2 shortbow
rCold   . . .        (shield currently unavailable)
rNeg    . . .        c - +0 robe
rPois   .            (helmet restricted)
rElec   .            f - +0 cloak "Cyneca" {rCorr Int+4}
rCorr   +            (gloves unavailable)
SInv    +            (boots unavailable)
Will    +....        (no amulet)
Stlth   ++           d - +6 ring of strength
HPRegen 0.25/turn    (no ring)
MPRegen 0.10/turn

%: no passive effects
@: lethally poisoned (-1 -> -7), very quick
A: very small, no large weapons, unfitting armour, see invisible, speed 3
a: no special abilities


You were on level 4 of the Dungeon.
You visited 1 branch of the dungeon, and saw 4 of its levels.

You collected 194 gold pieces.


Innate Abilities, Weirdness & Mutations

You are very small and have problems with some larger weapons.
You are too small for most types of armour.
You have supernaturally acute eyesight. (SInv)
You cover ground extremely quickly. (Speed+++)


   Skills:
 - Level 2.8 Fighting
 - Level 6.1 Ranged Weapons
 + Level 5.0 Dodging
 - Level 1.5 Stealth


You had 5 spell levels left.
You didn't know any spells.
Your spell library was empty.

Inventory:

Hand Weapons
 a - a +2 shortbow (weapon)
Armour
 c - a +0 robe (worn)
 f - the +0 cloak "Cyneca" (worn) {rCorr Int+4}
   (You found it on level 3 of the Dungeon)

   Int+4:     It affects your intelligence (+4).
   rCorr:     It protects you from acid and corrosion.
Jewellery
 d - a +6 ring of strength (left hand)
Wands
 b - a wand of iceblast (6)
Scrolls
 i - a scroll of identify
Potions
 e - a potion of mutation {unknown}
 h - a potion of might

Dungeon Overview and Level Annotations

Branches:
Dungeon (4/15)             Temple (0/1) D:4

Altars:
Yredelemnul

Shops:
D:1 :[![(


Message History

The iguana is severely wounded.
A scorpion comes into view.
You shoot an arrow. The arrow closely misses the scorpion.
You shoot an arrow. The arrow hits the scorpion!
The scorpion is severely wounded.
An orc wizard comes into view. It is wielding a +0 dagger.
The scorpion stings you but does no damage.
The orc wizard moves out of view.
An orc comes into view. It is wielding a +0 mace of venom.
You shoot an arrow. The arrow hits the scorpion.
The scorpion is almost dead.
The scorpion stings you.
You are poisoned.
The scorpion poisons you!
You shoot an arrow. The arrow barely misses the scorpion.
The arrow hits the iguana but does no damage.
The iguana is severely wounded.
You feel very sick. The scorpion closely misses you.
You shoot an arrow. The arrow closely misses the scorpion.
The arrow hits the iguana!
You kill the iguana!
You feel sick. The scorpion stings you. The scorpion closely misses you.
Your Ranged Weapons skill increases to level 6!
You shoot an arrow. The arrow closely misses the scorpion.
The arrow hits the orc!
You kill the orc!
You feel sick. The scorpion stings you.
You are lethally poisoned!
The scorpion poisons you!
You shoot an arrow. The arrow barely misses the scorpion.
You feel very sick. The scorpion misses you.
You shoot an arrow. The arrow closely misses the scorpion.
You feel sick. The scorpion stings you. The scorpion misses you.
You shoot an arrow. The arrow barely misses the scorpion.
You hear the rusting of a drain.
You feel sick. The scorpion barely misses you.
You shoot an arrow. The arrow barely misses the scorpion.
You die...

#.....# ##+##
# ##...##
#.### #.# #.#
#.# #.# #
#.######..##.
#)...@s..)...
########.###.


You could see a scorpion.

Vanquished Creatures
  2 black bears
  An iguana (D:4)
  An orc wizard (D:3)
  2 adders
  4 dart slugs
  2 ribbon worms
  5 orcs
  2 ball pythons (D:1)
  4 bats
  4 endoplasms
  A giant cockroach (D:1)
  9 goblins
  3 hobgoblins
  2 quokkas
  A frilled lizard (D:1)
  11 kobolds
  2 rats (D:1)
56 creatures vanquished.

Notes
Turn   | Place    | Note
-------+----------+-------------------------------------------
     0 | D:1      | qw the Spriggan Hunter began the quest for the Orb.
     0 | D:1      | Reached XP level 1. HP: 10/10 MP: 2/2
     0 | D:1      | 0 ||| qw: Version: 0.3-a-158-g18b3111
     0 | D:1      | 0 ||| qw: Game counter: 4064
     0 | D:1      | 0 ||| qw: Melee chars always use a shield: true
     0 | D:1      | 0 ||| qw: God list: Okawaru
     0 | D:1      | 0 ||| qw: Allow faded altars: false
     0 | D:1      | 0 ||| qw: Do Orc after clearing Dungeon:15 true
     0 | D:1      | 0 ||| qw: Do second Lair branch before Depths: true
     0 | D:1      | 0 ||| qw: Lair rune preference: random
     0 | D:1      | 0 ||| qw: Goals: Normal
     0 | D:1      | 0 ||| PLANNING D:1-11
    24 | D:1      | Found Hoib Zieluv's Weapon Boutique.
    31 | D:1      | HP: 2/10 [hobgoblin/+0 spear (8)]
    35 | D:1      | Reached skill level 3 in Dodging
   177 | D:1      | Found Comala's Armour Emporium.
   189 | D:1      | Found Neehuy's Distillery.
   194 | D:1      | Found Ujaocis's Armour Shoppe.
   198 | D:1      | 198 ||| SHOPLISTING potion of curing (30 gold, have 0).
   198 | D:1      | 198 ||| SHOPLISTING potion of enlightenment (50 gold, have
                  | 0).
   198 | D:1      | 198 ||| SHOPLISTING potion of experience (500 gold, have
                  | 0).
   213 | D:1      | Reached XP level 2. HP: 13/14 MP: 3/3
   433 | D:1      | Found Toazuaxu's Book Shop.
   657 | D:1      | 657 ||| UPGRADING to +0 cloak.
   662 | D:1      | 662 ||| READING scroll labelled XEYTHI WAGG.
   662 | D:1      | 662 ||| IDENTIFYING glowing brown potion
   663 | D:1      | 663 ||| READING scroll labelled JEBUTHR ROLAOT.
   666 | D:1      | 666 ||| DROPPING scroll of butterflies.
   667 | D:1      | 667 ||| DROPPING potion of brilliance.
   816 | D:2      | Found a basalt altar of Yredelemnul.
   872 | D:2      | Reached XP level 3. HP: 18/18 MP: 4/4
  1419 | D:2      | 1419 ||| UPGRADING to +6 ring of strength.
  1420 | D:2      | 1420 ||| READING 4 scrolls of identify.
  1420 | D:2      | 1420 ||| IDENTIFYING sedimented red potion
  1421 | D:2      | 1421 ||| READING 3 scrolls of identify.
  1421 | D:2      | 1421 ||| IDENTIFYING coppery potion
  1422 | D:2      | 1422 ||| READING 2 scrolls of identify.
  1422 | D:2      | 1422 ||| IDENTIFYING scroll labelled YSEXUN YXEM
  1423 | D:2      | 1423 ||| READING scroll of identify.
  1423 | D:2      | 1423 ||| IDENTIFYING scroll labelled DUSOS MEICLU
  1424 | D:2      | 1424 ||| READING scroll of enchant weapon.
  1424 | D:2      | 1424 ||| ENCHANTING +0 shortbow.
  1425 | D:2      | 1425 ||| DROPPING scroll of amnesia.
  1469 | D:3      | Noticed a black bear
  1480 | D:3      | Killed a black bear
  1481 | D:3      | Reached skill level 5 in Ranged Weapons
  1481 | D:3      | Reached XP level 4. HP: 20/22 MP: 5/5
  1519 | D:3      | 1519 ||| READING scroll of enchant weapon.
  1519 | D:3      | 1519 ||| ENCHANTING +1 shortbow.
  1802 | D:3      | 1802 ||| DRINKING potion of curing.
  1802 | D:3      | 1802 ||| (to cure confusion)
  1804 | D:3      | Reached XP level 5. HP: 25/25 MP: 6/6
  1830 | D:3      | Identified the +0 cloak "Cyneca" {rCorr Int+4}
  1987 | D:3      | Found a faded altar of an unknown god.
  2047 | D:3      | 2047 ||| UPGRADING to +0 cloak "Cyneca" {rCorr Int+4}.
  2057 | D:3      | 2057 ||| DROPPING +0 cloak.
  2058 | D:3      | 2058 ||| READING 3 scrolls of identify.
  2058 | D:3      | 2058 ||| IDENTIFYING scroll labelled LIDDIRHAOSS
  2059 | D:3      | 2059 ||| READING 2 scrolls of identify.
  2059 | D:3      | 2059 ||| IDENTIFYING scroll labelled JEOWOG AHOMI
  2060 | D:3      | 2060 ||| DROPPING scroll of blinking.
  2061 | D:3      | 2061 ||| DROPPING scroll of vulnerability.
  2076 | D:4      | 2076 ||| PLANNING SEWER
  2161 | D:4      | Found a staircase to the Ecumenical Temple.
  2270 | D:4      | Noticed a black bear
  2271 | D:4      | 2271 ||| ZAPPING wand of iceblast (8) at -3,2 (black bear;
                  | floor).
  2272 | D:4      | 2272 ||| ZAPPING wand of iceblast (7) at -2,1 (black bear;
                  | floor).
  2274 | D:4      | Killed a black bear
  2275 | D:4      | Reached XP level 6. HP: 31/32 MP: 7/7
  2507 | D:4      | Reached skill level 6 in Ranged Weapons
  2508 | D:4      | HP: 8/32 [poisoned by a scorpion]
  2509 | D:4      | HP: 2/32 [scorpion (4)]
  2511 | D:4      | Succumbed to a scorpion's poison

Levels and vault maps discovered:
D:1:      wander_arrival_abandoned_jail, layout_loops_ring, serial_shops, shop,
          shop, shop, nicolae_shop_bloodbath_and_beyond, shop,
          minmay_heptomino_h4
D:2:      layout_basic, basic_altar
D:3:      wad_lake_hut, layout_rooms, ebering_ecumenical_altar_petrified,
          corexii_leaking_fountain, st_stairs_10, kennysheep_crisscross,
          glass_columns_a
D:4:      layout_loops_corners, minmay_temple_entry_from_below_b,
          mainiacjoe_sewer_entry_somewhere_in_here_2

Skill      XL: |  1  2  3  4  5  6 |
---------------+-------------------+-----
Dodging        | 3 4 5 |  5.0
Ranged Weapons | 5 6 |  6.1
Fighting       | 2 |  2.8
Stealth        | |  1.5

Action                     |  1- 3 |  4- 6 || total
---------------------------+-------+-------++-------
   Fire: Shortbow          |    79 |    68 ||   147
  Evoke: Wand              |       |     2 ||     2
    Use: Scroll            |     7 |     3 ||    10
         Potion            |       |     1 ||     1
 Armour: Robe              |     9 |    10 ||    19
  Dodge: Dodged            |    31 |    20 ||    51

Table legend:
 A = Non-vault XP
 B = Vault XP
 C = Vault XP percentage of total XP
 D = Non-vault monster count
 E = Vault monster count
 F = Vault count percentage of total count
                 A         B        C        D         E       F
            +---------+---------+-------+---------+---------+-------
      Total |     440 |      14 |   3.1 |      50 |       6 |  10.7
            +---------+---------+-------+---------+---------+-------
        D:1 |      22 |       8 |  26.7 |      14 |       4 |  22.2
        D:2 |      29 |       0 |   0.0 |       9 |       0 |   0.0
        D:3 |     187 |       6 |   3.1 |      13 |       2 |  13.3
        D:4 |     202 |       0 |   0.0 |      14 |       0 |   0.0
            +---------+---------+-------+---------+---------+-------
